 Dungeon Sprint DCSS version 0.21-a0-265-gb353147 (webtiles) character file.

1271 terra52 the Warrior (level 8, -2/86 HPs)
             Began as a Demonspawn Berserker on Sept 11, 2017.
             Was a Priest of Trog.
             Slain by a centaur warrior (16 damage)
             ... in the Dungeon (Sprint I: "Red Sonja").
             The game lasted 00:03:03 (527 turns).

terra52 the Warrior (Demonspawn Berserker)           Turns: 527, Time: 00:03:03

Health: -2/86      AC:  8    Str: 19    XL:     8   Next: 28%
Magic:  8/8        EV: 12    Int:  8    God:    Trog [***...]
Gold:   297        SH:  0    Dex: 14    Spells: 7/7 levels left

rFire    . . .     SeeInvis .   a - +0 falchion
rCold    . . .     Gourm    .   (no shield)
rNeg     . . .     Faith    .   b - +0 animal skin
rPois    .         Spirit   .   (no helmet)
rElec    .         Reflect  .   (no cloak)
rCorr    .         Harm     .   (no gloves)
MR       ++...     NoTele   +   (no boots)
Stlth    ++........             (no amulet)
HPRegen  1.24/turn              (no ring)
MPRegen  0.11/turn              (no ring)

@: sanguine armour, berserk cooldown, regenerating, slowed, very slow
A: talons 2, rot immunity, sanguine armour 1
a: Berserk, Trog's Hand, Burn Spellbooks, Renounce Religion


You were in the Dungeon.
You worshipped Trog.
Trog was most pleased with you.
You were not hungry.

You visited 1 branch You collected 420 gold pieces.
You spent 123 gold pieces at shops.

Inventory:

Hand Weapons
 a - a +0 falchion (weapon)
Armour
 b - a +0 animal skin (worn)
Wands
 k - a wand of iceblast (9/15)
 n - a wand of iceblast (7/15)
Scrolls
 i - a scroll of blinking
 m - a scroll of enchant armour {unknown}
Potions
 d - a potion of curing
 e - a potion of heal wounds
 f - a potion of haste
 g - 2 potions of magic
 h - a potion of berserk rage
 l - a potion of cancellation {unknown}
 o - a potion of resistance {unknown}


   Skills:
 + Level 16.9 Fighting
 - Level 2.6 Long Blades
 - Level 1.7 Armour
 - Level 1.7 Dodging
 + Level 3.5 Stealth


You had 7 spell levels left.
You didn't know any spells.

Dungeon Overview and Level Annotations

Branches:
Dungeon (1/1)

Altars:
Cheibriados
Dithmenos
Elyvilon
Fedhas
Gozag
Hepliaklqana
Kikubaaqudgha
Makhleb
Nemelex Xobeh
Okawaru
Qazlal
Ru
Sif Muna
Trog
Uskayaw
Vehumet
Wu Jian
Xom
Yredelemnul
Zin
The Shining One
Jiyva
Lugonu

Shops:
D *


Innate Abilities, Weirdness & Mutations

You have razor-sharp toenails.
You are immune to rotting.
When seriously injured, your bleeding wounds create armour. (AC +6)


Message History

The centaur warrior closely misses you. The centaur warrior hits you.
* * * LOW HITPOINT WARNING * * *
The centaur warrior hits you.
* * * LOW HITPOINT WARNING * * *
You closely miss the centaur warrior.
The centaur warrior is severely wounded.
The centaur warrior hits you but does no damage.
The centaur warrior hits you!
* * * LOW HITPOINT WARNING * * *
Unknown command.
Press < or > to pray at altars.
Evoke which item? (* to show all) (? for menu, Esc to quit)
Aiming: Iceblast (will waste charges)
Press: ? - help, Shift-Dir - straight line The mass of ice explodes!
The iceblast engulfs the centaur warrior.
The centaur warrior is almost dead.
Evoking this partially-identified wand wasted a few charges.
The centaur warrior hits you!
You die...

######################
#<.#..)..#.)'..#__#..+
#..'[.#..'..#..'..'..#
#..#####'#####'#__####
#..####..#...#.####/!
#..#__####..##.#§≈§..
#..#_____##'#@)§§§§§
#⌠⌠#_.∩...'..§c#≈≈§..
####_..__##_.#§##+###
#_____###+#.# #######
###


You could see a centaur warrior.

Vanquished Creatures
  A centaur warrior (D)
  A slime creature (D)
  Sigmund (D)
  A yak (D)
  An ogre (D)
  A jelly (D)
  Ijyb (D)
7 creatures vanquished.

Notes
Turn   | Place    | Note
-------+----------+-------------------------------------------
     0 | D        | terra52 the Demonspawn Berserker began the quest for the Orb.
     0 | D        | Reached XP level 1. HP: 18/18 MP: 1/1
     2 | D        | Noticed Ijyb
    12 | D        | Killed Ijyb
    12 | D        | Reached skill level 6 in Fighting
    12 | D        | Gained mutation: You have sharp toenails. [demonic ancestry]
    12 | D        | Reached XP level 2. HP: 29/29 MP: 2/2
    99 | D        | Noticed an ogre
   105 | D        | Killed an ogre
   105 | D        | Reached skill level 9 in Fighting
   105 | D        | Reached XP level 3. HP: 41/41 MP: 3/3
   105 | D        | Gained mutation: You are immune to rotting. [demonic ancestry]
   105 | D        | Reached XP level 4. HP: 47/47 MP: 4/4
   145 | D        | Noticed Sigmund
   151 | D        | Killed Sigmund
   151 | D        | Reached ** piety under Trog
   151 | D        | Reached skill level 12 in Fighting
   151 | D        | Reached XP level 5. HP: 58/58 MP: 5/5
   203 | D        | Found an ornate altar of the Wu Jian Council.
   203 | D        | Found a deep blue altar of Sif Muna.
   205 | D        | Found a radiant altar of Vehumet.
   211 | D        | Gained mutation: When seriously injured, your bleeding wounds create armour. (AC +6) [demonic ancestry]
   211 | D        | Reached XP level 6. HP: 60/65 MP: 6/6
   230 | D        | Found Jueruc's Assorted Antiques.
   230 | D        | Found an ancient bone altar of Kikubaaqudgha.
   230 | D        | Found a hazy altar of Hepliaklqana.
   230 | D        | Found a stormy altar of Qazlal.
   230 | D        | Found a hide-covered altar of Uskayaw.
   230 | D        | Found a blossoming altar of Fedhas.
   230 | D        | Found a bloodstained altar of Trog.
   230 | D        | Found an iron altar of Okawaru.
   230 | D        | Found a basalt altar of Yredelemnul.
   230 | D        | Found a glowing golden altar of the Shining One.
   230 | D        | Found a snail-covered altar of Cheibriados.
   230 | D        | Found a sacrificial altar of Ru.
   230 | D        | Found a glowing silver altar of Zin.
   230 | D        | Found a shadowy altar of Dithmenos.
   230 | D        | Found a white marble altar of Elyvilon.
   230 | D        | Noticed a yak
   264 | D        | Killed a yak
   264 | D        | Reached skill level 13 in Fighting
   264 | D        | Reached skill level 1 in Stealth
   295 | D        | Found an opulent altar of Gozag.
   311 | D        | Found a sparkling altar of Nemelex Xobeh.
   320 | D        | Bought a blue potion for 18 gold pieces
   320 | D        | Bought a scroll labeled NOESTR EFOMY for 21 gold pieces
   320 | D        | Bought a wand of iceblast (?/15) for 84 gold pieces
   448 | D        | Found a burning altar of Makhleb.
   448 | D        | Found a viscous altar of Jiyva.
   448 | D        | Found a shimmering altar of Xom.
   448 | D        | Found a corrupted altar of Lugonu.
   448 | D        | Noticed a slime creature
   452 | D        | Killed a slime creature
   452 | D        | Reached *** piety under Trog
   452 | D        | Reached skill level 14 in Fighting
   452 | D        | Reached XP level 7. HP: 75/75 MP: 7/7
   509 | D        | Noticed a centaur warrior
   512 | D        | Noticed a centaur warrior
   519 | D        | Killed a centaur warrior
   519 | D        | Reached skill level 16 in Fighting
   519 | D        | Gained mutation: You have razor-sharp toenails. [demonic ancestry]
   519 | D        | Reached XP level 8. HP: 46/86 MP: 8/8
   527 | D        | Slain by a centaur warrior

Vault maps used:
D:        dungeon_sprint_1

Skill      XL: |  1  2  3  4  5  6  7 |
---------------+----------------------+-----
Fighting       | 6 9 12 14 16 | 16.9
Stealth        | 2 3 |  3.5
Long Blades    | |  2.6
Armour         | |  1.7
Dodging        | |  1.7

Action                   |  1- 3 |  4- 6 |  7- 9 || total
-------------------------+-------+-------+-------++-------
Melee: Falchion          |    14 |    23 |    15 ||    52
       Kick              |       |    15 |     8 ||    23
Invok: Berserk           |     2 |     4 |     1 ||     7
       Trog's Hand       |       |     1 |     1 ||     2
Evoke: Wand              |       |       |     1 ||     1
 Stab: Sleeping          |       |     1 |       ||     1
  Eat: Chunk             |       |     3 |       ||     3
       Bread ration      |       |       |     1 ||     1
Armor: Animal skin       |       |     3 |     6 ||     9
Dodge: Dodged            |     6 |    17 |     9 ||    32
       Rpst.: Falchion   |       |     5 |     1 ||     6

Table legend:
 A = Spawn XP
 B = Non-spawn XP
 C = Spawn XP percentage of total XP
 D = Spawn monster count
 E = Non-spawn monster count
 F = Spawn count percentage of total count
 G = Total turns spent on level
                    A         B        C        D         E        F      G
               +---------+---------+-------+---------+---------+-------+---------
         Total |       0 |    1816 |   0.0 |       0 |       7 |   0.0 |   527
               +---------+---------+-------+---------+---------+-------+---------
             D |       0 |    1816 |   0.0 |       0 |       7 |   0.0 |   527
               +---------+---------+-------+---------+---------+-------+---------
